 Dungeon Crawl Stone Soup version 0.29-a0-878-g7b45a56547 (webtiles) character file.

Game seed: 1449026625663965784

3 LynnLen the Sneak (level 1, -3/10 HPs)
             Began as a Vampire Enchanter on July 19, 2022.
             Slain by a hobgoblin (5 damage)
             ... on level 1 of the Dungeon.
             The game lasted 00:00:59 (207 turns).

LynnLen the Sneak (Vampire Enchanter)                Turns: 207, Time: 00:01:00

Health: -3/10      AC:  2    Str:  7    XL:     1   Next: 41%
Magic:  3/3        EV: 12    Int: 17    God:
Gold:   7          SH:  0    Dex: 14    Spells: 4/4 levels left

rFire   . . .      SeeInvis +   a - +1 dagger
rCold   + + .      Faith    .   (no shield)
rNeg    + + +      Spirit   .   b - +0 robe
rPois   ∞          Reflect  .   (no helmet)
rElec   .          Harm     .   (no cloak)
rCorr   .          Rampage  .   (no gloves)
Will    .....                   (no boots)
Stlth   +++++.....              (no amulet)
HPRegen 0.00/turn               (no ring)
MPRegen 0.08/turn               (no ring)

@: bloodless, inhibited regen, invisible
A: bloodless, fangs 3, see invisible, vampiric 1
a: Revivify


You were on level 1 of the Dungeon.
You visited 1 branch of the dungeon, and saw 1 of its levels.

You collected 7 gold pieces.

Inventory:

Hand Weapons
 a - a +1 dagger (weapon)
Armour
 b - a +0 robe (worn)
Potions
 c - a potion of invisibility


   Skills:
 * Level 0.2 Fighting
 * Level 1.2 Short Blades
 + Level 2.2 Dodging
 + Level 4.5 Stealth
 - Level 2.0 Spellcasting
 - Level 4.4 Hexes


You had 4 spell levels left.
You didn't know any spells.
Your spell library contained the following spells:

 Spells                   Type           Power      Damage    Failure   Level
 Confusing Touch          Hex            16%        N/A       10%         3
 Tukima's Dance           Hex            16%        N/A       10%         3
 Ensorcelled Hibernation  Hex/Ice        18%        N/A       12%         2
 Dazzling Flash           Conj/Hex       18%        N/A       24%         3


Dungeon Overview and Level Annotations

Branches:
Dungeon (1/15)

Altars:


Innate Abilities, Weirdness & Mutations

You do not regenerate when monsters are visible.
You are frail without blood (-20% HP).
You can heal yourself when you bite living creatures.
You are immune to poison.
You have razor-sharp teeth.
You have supernaturally acute eyesight. (SInv)
You are afflicted with vampirism.


Message History

The kobold hits you with a +0 dagger.
You hit the kobold.
You kill the kobold!
Things that are here:
a +0 dagger; a stone You start resting.
HP restored.
You open the large door.
A hobgoblin comes into view.
A hobgoblin comes into view.
The hobgoblin shouts! x2
There is a large open door here.
Found 3 boomerangs of dispersal.
The hobgoblin hits you. x2
* * * LOW HITPOINT WARNING * * *
There is a large open door here.
You fade into invisibility!
The hobgoblin closely misses you. The hobgoblin hits you.
* * * LOW HITPOINT WARNING * * *
There is a large open door here.
You hit the hobgoblin but do no damage.
You strike the helpless hobgoblin from behind!
You bite the hobgoblin, and draw its blood!
You feel better.
You puncture the hobgoblin!
You kill the hobgoblin!
There is a large open door here.
You see here 7 stones.
The hobgoblin barely misses you.
There is a large open door here.
You barely miss the hobgoblin. The hobgoblin barely misses you.
You hit the hobgoblin but do no damage.
The hobgoblin shouts!
The hobgoblin barely misses you.
You hit the hobgoblin.
The hobgoblin is heavily wounded.
The hobgoblin closely misses you.
You hit the hobgoblin. Your bite misses the hobgoblin.
The hobgoblin is severely wounded.
The hobgoblin hits you.
Ouch! That really hurt!
You die...

####+#### ###≈≈≈§§≈≈###
. #. #≈≈§..g@.§≈≈# . .#
#...(.......# . .
######'###### .##.#####
####8(8####
.#.##...###.........##
.#.#....##..)........#
.#.#....#............+#
...'...........<.....8+
.#.#....#............##


You could see a hobgoblin (unable to see you).

Vanquished Creatures
  A ball python (D:1)
  A hobgoblin (D:1)
  A kobold (D:1)
3 creatures vanquished.

Notes
Turn   | Place    | Note
-------+----------+-------------------------------------------
     0 | D:1      | LynnLen the Vampire Enchanter began the quest for the Orb.
     0 | D:1      | Reached XP level 1. HP: 13/13 MP: 3/3
   207 | D:1      | Slain by a hobgoblin

Illustrated notes

Levels and vault maps discovered:
D:1:      dpeg_arrival_morbid_curiosity, layout_basic,
          shapermc_ecumenical_altar_mp_highgroup, roderic_roman_lattice

Action                   || total
-------------------------++-------
Melee: Dagger            ||     8
 Abil: Exsanguinate      ||     1
  Use: Potion            ||     1
 Stab: Invisible         ||     1
Armor: Robe              ||     1
Dodge: Dodged            ||     7

Table legend: (Time is in decaauts)
 A = Elapsed time spent in this place.
 B = Non-inter-level travel time spent in this place.
 C = Inter-level travel time spent in this place.
 D = Time resting spent in this place.
 E = Time spent auto-exploring this place.
 F = Levels seen in this place.
 G = Mean time per level.
                   A        B        C        D        E       F      G
               +--------+--------+--------+--------+--------+-----+--------+
         Total |    206 |    206 |      0 |    142 |      8 |   1 |  206.0 |
       Dungeon |    206 |    206 |      0 |    142 |      8 |   1 |  206.0 |
               +--------+--------+--------+--------+--------+-----+--------+

Top non-repeatable levels by time:
     D:1: 206 daAuts
